 Dungeon Crawl Stone Soup version 0.23.2-40-g277498a001 (webtiles) character file.

Game seed: 14156876157558598000

233 Gildeon the Charmwright (level 5, -5/44 HPs)
             Began as a Demigod Skald on Sept 26, 2019.
             Slain by an orc warrior
             ... wielding a +0 mace
              (19 damage)
             ... on level 3 of the Dungeon.
             The game lasted 00:15:07 (4254 turns).

Gildeon the Charmwright (Demigod Skald)             Turns: 4254, Time: 00:15:08

Health: -5/44      AC:  3    Str: 16    XL:     5   Next: 46%
Magic:  10/12      EV: 13    Int: 17    God:
Gold:   246        SH:  0    Dex: 15    Spells: 1/9 levels left

rFire    . . .     SeeInvis .   a - +0 mace
rCold    . . .     Gourm    .   (no shield)
rNeg     . . .     Faith    .   b - +0 leather armour
rPois    .         Spirit   .   (no helmet)
rElec    .         Reflect  .   (no cloak)
rCorr    .         Harm     .   (no gloves)
MR       .....                  (no boots)
Stlth    +.........             (no amulet)
HPRegen  0.14/turn              (no ring)
MPRegen  0.13/turn              (no ring)

@: infused
A: high mp 1
a: no special abilities


You were on level 3 of the Dungeon.
You were not hungry.

You visited 1 branch of the dungeon, and saw 4 of its levels.

You collected 246 gold pieces.

Inventory:

Hand Weapons
 a - a +0 mace (weapon)
Armour
 b - a +0 leather armour (worn)
Scrolls
 e - 4 scrolls of teleportation
 g - 2 scrolls of enchant armour {unknown}
 h - 3 scrolls of identify {unknown}
 i - 2 scrolls of remove curse {unknown}
 l - a scroll of enchant weapon {unknown}
 n - a scroll of fear {unknown}
 q - 2 scrolls of amnesia {unknown}
 t - 3 scrolls of magic mapping {unknown}
 u - a scroll of random uselessness {unknown}
Potions
 c - a potion of curing {unknown}
 f - a potion of agility {unknown}
 j - 2 potions of heal wounds
 k - a potion of invisibility {unknown}
 m - a potion of cancellation {unknown}
 o - a potion of haste {unknown}
 p - a potion of brilliance {unknown}
 r - a potion of magic {unknown}
 s - a potion of lignification {unknown}
Comestibles
 d - 6 rations


   Skills:
 + Level 2.9 Fighting
 + Level 2.8 Maces & Flails
 - Level 0.8 Armour
 + Level 2.9 Dodging
 + Level 2.7 Spellcasting
 + Level 3.5 Charms


You had one spell level left.
You knew the following spells:

 Your Spells              Type           Power        Failure   Level  Hunger
a - Infusion              Chrm           ##..         4%          1    #......
b - Song of Slaying       Chrm           ##......     8%          2    ##.....
c - Shroud of Golubria    Chrm/Tloc      #.........   16%         2    ##.....
d - Regeneration          Chrm/Necr      #.........   32%         3    ###....

Your spell library contained the following spells:

 Spells                   Type           Power        Failure   Level  Hunger
 Spectral Weapon          Hex/Chrm       #.......     32%         3    ###....


Dungeon Overview and Level Annotations

Branches:
Dungeon (4/15)
 Temple: D:4-7

Annotations:
D:4 Dowan, Duvessa


Innate Abilities, Weirdness & Mutations

You have an increased reservoir of magic. (+10% MP)


Message History

The orc warrior hits you with a +0 mace!
You barely miss the orc warrior.
The orc warrior is moderately wounded.
The orc warrior completely misses you.
You hit the orc warrior.
The orc warrior is heavily wounded.
The orc warrior closely misses you.
It was a potion of heal wounds.
You feel much better.
The orc warrior hits you with a +0 mace!
You closely miss the orc warrior.
The orc warrior is heavily wounded.
The orc warrior hits you with a +0 mace.
You closely miss the orc warrior.
The orc warrior is heavily wounded.
The orc warrior closely misses you.
You hit the orc warrior.
The orc warrior is heavily wounded.
The orc warrior hits you with a +0 mace.
The orc warrior hits you with a +0 mace!!
You die...

.......#####...#.#........##.###.
.#####.#...#...#.#.........#...+.
.# #.'.(.#...#.#.........#.###.
.# ###...#.....#...............
.###########.....#...............
.................#....<..........
..#########.....o#...............
..# #.####o#........####### ..#
#.# #@#........# ..# #.#
#####+############ ..# #.#####
#.# #...... ### #.....# #.#
###.##### #..8..####.####.......#
#.8_8........##.......#
#..8.......#.##....)..#
#..........#..........#
##.........####.......#


You could see an orc warrior and an orc.

Vanquished Creatures
  A centaur skeleton (D:4)
  An iguana (D:3)
  A worker ant (D:4)
  7 adders
  2 oozes
  An adder zombie (D:2)
  2 worms
  5 dart slugs
  2 leopard geckos
  An orc (D:3)
  4 giant cockroaches
  8 hobgoblins
  2 jackals (D:4)
  A quokka (D:2)
  2 ball pythons
  8 bats
  2 frilled lizards
  4 goblins
  7 kobolds
  9 rats
70 creatures vanquished.

Notes
Turn   | Place    | Note
-------+----------+-------------------------------------------
     0 | D:1      | Gildeon the Demigod Skald began the quest for the Orb.
     0 | D:1      | Reached XP level 1. HP: 17/17 MP: 5/5
   209 | D:1      | Reached XP level 2. HP: 20/24 MP: 2/7
   226 | D:1      | Learned a level 2 spell: Song of Slaying
   398 | D:1      | Learned a level 2 spell: Shroud of Golubria
   746 | D:2      | Reached skill level 3 in Charms
   746 | D:2      | Reached XP level 3. HP: 23/29 MP: 4/8
  1822 | D:2      | Found a bloodstained altar of Trog.
  2404 | D:2      | Reached XP level 4. HP: 35/37 MP: 7/10
  2813 | D:3      | Found a faded altar of an unknown god.
  3484 | D:3      | Learned a level 3 spell: Regeneration
  3712 | D:4      | Noticed Duvessa
  3712 | D:4      | Noticed Dowan
  3785 | D:3      | Reached XP level 5. HP: 28/42 MP: 6/11
  4239 | D:4      | Noticed an orc warrior
  4254 | D:3      | Slain by an orc warrior

Skill      XL: |  1  2 |
---------------+-------+-----
Fighting       | 2 |  2.9
Maces & Flails | 2 |  2.8
Dodging        | 2 |  2.9
Spellcasting   | 2 |  2.7
Charms         | 3 |  3.5
Armour         | |  0.8

Action                   |  1- 3 |  4- 6 || total
-------------------------+-------+-------++-------
Melee: Mace              |   153 |    89 ||   242
 Cast: Infusion          |    20 |    13 ||    33
       Song of Slaying   |       |     1 ||     1
  Use: Scroll            |       |     1 ||     1
       Potion            |       |     1 ||     1
 Stab: Sleeping          |     2 |       ||     2
  Eat: Chunk             |     5 |     4 ||     9
       Ration            |       |     1 ||     1
Armor: Leather armour    |    37 |    18 ||    55
Dodge: Dodged            |   115 |    73 ||   188
